 Dungeon Crawl Stone Soup version 0.31.0-12-g77e489cdc1 (webtiles) character file.

Game seed: 15018063478977445010

40450 monsoonserge the Eclecticist (level 14, -12/101 HPs)
             Began as a Djinni Fire Elementalist on Feb 28, 2024.
             Was an Initiate of Gozag.
             Mangled by a five-headed hydra simulacrum (23 damage)
             ... on level 4 of the Lair of Beasts.
             The game lasted 01:06:47 (19778 turns).

monsoonserge the Eclecticist (DjFE)                Turns: 19778, Time: 01:06:48

Health: -12/101    AC: 10    Str:  7    XL:     14   Next: 44%
Gold:   354        EV: 16    Int: 21    God:    Gozag SH: 10 Dex: 15

rFire   + + .        m - +8 hand axe of the Eternal Warrior {flame, rCorr Stlth+}
rCold   . . .        G - +0 kite shield
rNeg    . . .        T - +2 leather armour {rC+}
rPois   ∞            n - +1 hat {SInv}
rElec   .            E - +0 cloak
rCorr   +            X - +1 pair of gloves
SInv    +            (boots unavailable)
Will    +....        Q - amulet of the acrobat
Stlth   +++          q - +5 ring of evasion
HPRegen 0.36/turn    (no ring)
MPRegen 0.00/turn

%: acrobat, infuse magic (-13 HP)
@: flying
A: sickness immunity, fire resistance 2, cold vulnerability 1, float, innate
caster, HP casting, extra vitality 1
a: Renounce Religion, Potion Petition, Call Merchant, Bribe Branch


You were on level 4 of the Lair of Beasts.
You worshipped Gozag.
Gozag was aware of your devotion.
You visited 3 branches of the dungeon, and saw 18 of its levels.
You also visited: Volcano.

You collected 4921 gold pieces.
You spent 965 gold pieces at shops.
You paid 3602 gold pieces to Gozag.

Inventory:

Hand Weapons
 m - the +8 hand axe of the Eternal Warrior (weapon) {flame, rCorr Stlth+}
   (You found it on level 3 of the Dungeon)

   rCorr:     It protects you from acid and corrosion.
   Stlth+:    It makes you more stealthy.
 F - a +3 sling of flaming
Missiles
 k - 7 curare-tipped darts
 r - 9 javelins
 s - 25 boomerangs
 L - 21 poisoned darts (quivered)
Armour
 n - a +1 hat of see invisible (worn)
 E - a +0 cloak (worn)
 G - a +0 kite shield (worn)
 T - a +2 leather armour of cold resistance (worn)
 X - a +1 pair of gloves (worn)
Jewellery
 o - a ring of protection from fire
 q - a +5 ring of evasion (left hand)
 Q - an amulet of the acrobat (around neck)
Wands
 a - a wand of mindburst (8)
 x - a wand of paralysis (28)
 D - a wand of polymorph (9)
 I - a wand of digging (6)
 J - a wand of roots (4)
 K - a wand of light (13)
 O - a wand of flame (13)
Scrolls
 b - 2 scrolls of revelation
 c - 2 scrolls of immolation
 d - a scroll of acquirement {unknown}
 f - 4 scrolls of teleportation {unknown}
 i - a scroll of fog {unknown}
 l - 3 scrolls of enchant weapon {unknown}
 u - 2 scrolls of blinking
 v - a scroll of vulnerability {unknown}
 w - 3 scrolls of torment
 y - 2 scrolls of poison
 A - 2 scrolls of brand weapon {unknown}
 H - 4 scrolls of fear {unknown}
 M - 2 scrolls of noise {unknown}
 V - 3 scrolls of enchant armour
Potions
 e - 2 potions of lignification
 g - 5 potions of mutation
 h - 11 potions of ambrosia
 j - 2 potions of curing
 p - 3 potions of might {unknown}
 z - a potion of brilliance {unknown}
 B - a potion of haste {unknown}
 C - 4 potions of heal wounds
 N - 2 potions of berserk rage {unknown}
 P - 3 potions of resistance {unknown}
 R - a potion of attraction {unknown}
 S - a potion of degeneration {unknown}
 Y - a potion of enlightenment {unknown}
 Z - 2 potions of cancellation {unknown}


   Skills:
 + Level 9.0 Fighting
 + Level 0.2 Short Blades
 + Level 1.4 Axes
 + Level 0.6 Throwing
 + Level 5.0 Armour
 + Level 6.5 Dodging
 + Level 3.5 Stealth
 + Level 6.5 Shields
 * Level 15.5 Spellcasting
 * Level 15.5 Conjurations
 * Level 15.5 Hexes
 * Level 15.5 Summonings
 * Level 15.5 Necromancy
 * Level 15.5 Translocations
 * Level 15.5 Fire Magic
 * Level 15.5 Ice Magic
 * Level 15.5 Air Magic
 * Level 15.5 Earth Magic
 * Level 15.5 Alchemy


You knew the following spells:

 Your Spells              Type           Power      Damage    Failure   Level
a - Foxfire               Conj/Fire      100%       2x1d9     1%          1
b - Scorch                Fire           100%       2d9       1%          2
c - Volatile Blastmotes   Fire/Tloc      100%       2d18      1%          3
d - Inner Flame           Hex/Fire       69%        N/A       1%          3
e - Flame Wave            Conj/Fire      69%        2d16      1%          4
f - Sandblast             Erth           100%       2d20      1%          1
g - Static Discharge      Conj/Air       100%       3-8/arc   1%          2
h - Swiftness             Air            69%        N/A       1%          3
i - Mephitic Cloud        Conj/Alch/Air  69%        N/A       1%          3
j - Passage of Golubria   Tloc           69%        N/A       1%          4
k - Silence               Hex/Air        34%        N/A       1%          5
Your spell library was empty.

Dungeon Overview and Level Annotations

Branches:
Dungeon (12/15)            Temple (1/1) D:4            Lair (5/5) D:10
 Shoals (0/4) Lair:3       Spider (0/4) Lair:3        Slime (0/5) Lair:4
Volcano (visited)
    Orc: D:9-12

Altars:
Ashenzari
Cheibriados
Dithmenos
Elyvilon
Fedhas
Gozag
Hepliaklqana
Makhleb
Nemelex Xobeh
Okawaru
Qazlal
Ru
Trog
Uskayaw
Wu Jian
Xom
Yredelemnul
Zin
The Shining One

Shops:
D:9 *   D:10 [*[*

Annotations:
Lair:4 Kyusiynim's ghost, journeyman GnEn


Innate Abilities, Weirdness & Mutations

You are immune to sickness and miasma.
You are immune to poison.
Your flesh is very heat resistant. (rF++)
You are vulnerable to cold. (rC-)
You float through the air rather than walking.
You learn spells naturally, not from books.
Your magical power is your life essence.
You have superior vitality. (+4 MHP)


Message History

Kyusiynim's ghost is no longer distracted by gold.
The flame wave engulfs the six-headed hydra simulacrum!!
The six-headed hydra simulacrum melts!
The six-headed hydra simulacrum is severely damaged. (Press . to intensify the flame waves.) Kyusiynim's ghost points at you and mumbles some strange words.
You are confused.
You lop one of the six-headed hydra simulacrum's heads off!
You slash the five-headed hydra simulacrum!
You melt the five-headed hydra simulacrum.
The five-headed hydra simulacrum is almost destroyed.
You hit Kyusiynim's ghost but do no damage.
The five-headed hydra simulacrum barely misses you.
The five-headed hydra simulacrum misses you.
The five-headed hydra simulacrum bites you but does no damage.
The five-headed hydra simulacrum misses you.
The five-headed hydra simulacrum barely misses you.
Kyusiynim's ghost is distracted by your dazzling golden aura.
The five-headed hydra simulacrum bites you.
The five-headed hydra simulacrum freezes you!!
The five-headed hydra simulacrum misses you.
The five-headed hydra simulacrum bites you but does no damage.
The five-headed hydra simulacrum closely misses you.
The five-headed hydra simulacrum bites you.
The five-headed hydra simulacrum freezes you!!!
* * * LOW HITPOINT WARNING * * *
Kyusiynim's ghost turns its malevolent gaze towards you.
Okay, then.
Okay, then.
It was a potion of heal wounds.
You feel much better.
Okay, then.
It was a potion of curing.
You feel better.
The five-headed hydra simulacrum bites you.
The five-headed hydra simulacrum freezes you!!
* * * LOW HITPOINT WARNING * * *
The five-headed hydra simulacrum bites you!
* * * LOW HITPOINT WARNING * * *
The five-headed hydra simulacrum freezes you!!
You die...
Your body crumbles into a pile of gold.

##.##.....#....#.#.....## ##...P.
#...#....?##...'..#.....###......
#...#...=.!#..$$.........#.......
#..##.#...|#...'.................
...#..# kZ##...#.................
'..#..# #....#..........#......
...#...###....##..........#..>...
#..##.......###.WZ.......######.#
#...###...###...@........# ###
#.....#####......###.#..##
#................#......#
####...###.#...##..##.### ##P##
##.#####..###.# ### ### #.......#
#.......## ## ##........# ###.
#...>....#######...


You could see Kyusiynim's ghost (combustible) and a five-headed hydra
simulacrum.

Vanquished Creatures
  3 hydras
  A boulder beetle (D:11)
  A centaur warrior (Volcano)
  A death yak (Lair:4)
  A hell knight (Volcano)
  4 skysharks
  Lodul (D:11)
  A necromancer (D:10)
  An oklob plant (Lair:2)
  A cyclops (D:11)
  Maurice (D:8)
  Joseph (D:8)
  11 elephants
  2 black mambas
  8 cane toads
  2 kobold demonologists (D:11)
  4 rime drakes
  An unseen horror (D:11)
  6 komodo dragons
  A queen bee (Lair:3)
  A troll (D:11)
  A merfolk (Lair:3)
  2 polar bears
  12 blink frogs
  Grinder (D:5)
  2 jumping spiders (Lair:3)
  A shadow (D:11)
  Sigmund (D:5)
  A culicivora (Lair:3)
  5 wyverns
  4 basilisks
  Eustachio (D:5)
  40 yaks
  A redback (Lair:3)
  4 vampire mosquitoes
  An acid dragon (D:10)
  2 hell hounds (Lair:4)
  14 water moccasins
  5 black bears
  4 orc warriors
  A boulder beetle simulacrum (Lair:4)
  2 ice beasts (D:6)
  7 ogres
  7 centaurs
  5 wolves
  A phantom (D:5)
  5 kobold brigands
  Blork the orc (D:5)
  16 bullfrogs
  A gnoll sergeant (D:9)
  2 scorpions
  15 wights
  26 killer bees (Lair:3)
  6 howler monkeys
  2 bombardier beetles (D:5)
  A hound (D:4)
  8 orc priests
  2 gnoll boudas
  6 iguanas
  15 orc wizards
  3 polar bear simulacra (D:10)
  4 hell rats (Lair:4)
  2 yak simulacra (D:10)
  3 wolf simulacra (D:10)
  The ghost of RancidPinata the Sneak, a weakling GrDe (D:5)
  18 gnolls
  7 adders
  3 shadow imps (D:5)
  4 white imps
  4 ufetubi (D:5)
  The ghost of RancidPinata the Sneak, a weakling GrDe (D:5)
  5 dart slugs
  A ribbon worm (D:2)
  57 orcs
  An endoplasm (D:3)
  3 giant cockroaches
  7 goblins
  6 hobgoblins
  5 quokkas
  8 ball pythons
  7 bats
  4 frilled lizards
  12 kobolds
  7 rats
  3 river rat simulacra (D:10)
460 creatures vanquished.

Vanquished Creatures (collateral kills)
  26 foxfires
26 creatures vanquished.

Vanquished Creatures (others)
  563 foxfires
563 creatures vanquished.

Grand Total: 1049 creatures vanquished

Notes
Turn   | Place    | Note
-------+----------+-------------------------------------------
     0 | D:1      | monsoonserge the Djinni Fire Elementalist began the quest
                  | for the Orb.
     0 | D:1      | monsoonserge set off with the following spells memorised:
                  | Foxfire, Scorch, Volatile Blastmotes, Inner Flame, Flame
                  | Wave.
     0 | D:1      | Reached XP level 1. HP: 15/15 MP: 0/0
    86 | D:1      | Reached XP level 2. HP: 20/21 MP: 0/0
   204 | D:1      | Reached XP level 3. HP: 23/25 MP: 0/0
   204 | D:1      | Learned a level 1 spell: Sandblast
   759 | D:2      | Reached XP level 4. HP: 27/31 MP: 0/0
  1011 | D:2      | Found a faded altar of an unknown god.
  1303 | D:3      | Found an opulent altar of Gozag.
  1304 | D:3      | Found a burning altar of Makhleb.
  1311 | D:3      | Became a worshipper of Gozag Ym Sagoz the Greedy
  1465 | D:3      | Identified the +8 hand axe of the Eternal Warrior {flame,
                  | rCorr Stlth+}
  1549 | D:3      | Found a shimmering altar of Xom.
  1689 | D:3      | Noticed a black bear
  1695 | D:3      | Killed a black bear
  1696 | D:3      | Reached skill level 1 in Armour
  1696 | D:3      | Reached XP level 5. HP: 22/35 MP: 0/0
  1696 | D:3      | Learned a level 2 spell: Static Discharge
  1857 | D:3      | Reached XP level 6. HP: 38/40 MP: 0/0
  2081 | D:4      | Found a staircase to the Ecumenical Temple.
  2099 | Temple   | Entered the Ecumenical Temple
  2133 | D:5      | Entered Level 5 of the Dungeon
  2403 | D:5      | Noticed a water moccasin
  2408 | D:5      | Killed a water moccasin
  2409 | D:5      | Reached skill level 5 in Spellcasting
  2409 | D:5      | Reached skill level 5 in Conjurations
  2409 | D:5      | Reached skill level 5 in Hexes
  2409 | D:5      | Reached skill level 5 in Summonings
  2409 | D:5      | Reached skill level 5 in Necromancy
  2409 | D:5      | Reached skill level 5 in Translocations
  2409 | D:5      | Reached skill level 5 in Fire Magic
  2409 | D:5      | Reached skill level 5 in Ice Magic
  2409 | D:5      | Reached skill level 5 in Air Magic
  2409 | D:5      | Reached skill level 5 in Earth Magic
  2409 | D:5      | Reached skill level 5 in Alchemy
  2445 | D:5      | Noticed Grinder
  2451 | D:5      | Killed Grinder
  2452 | D:5      | Reached XP level 7. HP: 37/46 MP: 0/0
  2452 | D:5      | Learned a level 3 spell: Swiftness
  2500 | D:5      | Noticed Eustachio
  2558 | D:5      | Noticed Sigmund
  2589 | D:5      | Killed Sigmund
  2590 | D:5      | Reached XP level 8. HP: 30/51 MP: 0/0
  3119 | D:4      | Found a broken altar of Ashenzari.
  3224 | D:4      | Found an iron altar of Okawaru.
  3530 | D:5      | Found a runed translucent gate.
  3530 | D:5      | Found a runed translucent gate.
  3530 | D:5      | Found a runed translucent gate.
  3530 | D:5      | Noticed RancidPinata's ghost (weakling GrDe)
  3532 | D:5      | Noticed RancidPinata's ghost (weakling GrDe)
  3534 | D:5      | Noticed Blork the orc
  3549 | D:5      | Killed Blork the orc
  3858 | D:5      | Killed Eustachio
  3860 | D:5      | Reached XP level 9. HP: 26/56 MP: 0/0
  3860 | D:5      | Learned a level 3 spell: Mephitic Cloud
  4649 | D:5      | Killed RancidPinata's ghost
  4649 | D:5      | Killed RancidPinata's ghost
  4785 | D:6      | Reached skill level 1 in Fighting
  4893 | D:6      | Found an ornate altar of the Wu Jian Council.
  5565 | D:6      | Reached XP level 10. HP: 58/62 MP: 0/0
  5804 | D:7      | Reached skill level 10 in Spellcasting
  5804 | D:7      | Reached skill level 10 in Conjurations
  5804 | D:7      | Reached skill level 10 in Hexes
  5804 | D:7      | Reached skill level 10 in Summonings
  5804 | D:7      | Reached skill level 10 in Necromancy
  5804 | D:7      | Reached skill level 10 in Translocations
  5804 | D:7      | Reached skill level 10 in Fire Magic
  5804 | D:7      | Reached skill level 10 in Ice Magic
  5804 | D:7      | Reached skill level 10 in Air Magic
  5804 | D:7      | Reached skill level 10 in Earth Magic
  5804 | D:7      | Reached skill level 10 in Alchemy
  6895 | D:8      | Noticed Maurice
  6898 | D:8      | Maurice stole 6 curare-tipped darts
  6902 | D:8      | Killed Maurice
  7191 | D:8      | Noticed Joseph
  7202 | D:8      | Killed Joseph
  7581 | D:9      | Identified the +6 quarterstaff of Eptoyk {flame, rF- rC-
                  | Int+7 Dex+4}
  7750 | D:9      | Found Becwox's Mass Market.
  7768 | D:9      | Reached skill level 1 in Shields
  7768 | D:9      | Reached XP level 11. HP: 39/68 MP: 0/0
  7768 | D:9      | Learned a level 4 spell: Passage of Golubria
  8738 | D:10     | Entered Level 10 of the Dungeon
  8805 | D:10     | Noticed a necromancer
  8818 | D:10     | Killed a necromancer
  9472 | D:10     | Found a staircase to the Lair.
  9681 | D:10     | Found a snail-covered altar of Cheibriados.
  9790 | D:10     | Bought a slimy ring mail for 216 gold pieces
  9790 | D:10     | Identified the +0 ring mail of the Stonemason {Regen+
                  | Int+3} (You bought it in a shop on level 10 of the Dungeon)
  9897 | D:11     | Noticed a cyclops
 10167 | Lair:1   | Entered Level 1 of the Lair of Beasts
 10258 | D:10     | Reached XP level 12. HP: 23/74 MP: 0/0
 10550 | Lair:1   | Reached skill level 1 in Axes
 11398 | Lair:1   | Identified the +3 great sword "Giantslayer" {flame, *Slow
                  | rC++ Str+3}
 11590 | D:10     | Bought a scroll labelled FULENN NIETAJI for 29 gold pieces
 11590 | D:10     | Bought a cyan potion for 26 gold pieces
 11590 | D:10     | Bought a scroll labelled MISSON JITHRIS for 29 gold pieces
 11590 | D:10     | Bought a lumpy puce potion for 26 gold pieces
 11806 | Lair:2   | Reached skill level 5 in Fighting
 11910 | Lair:2   | Reached skill level 5 in Dodging
 12749 | Lair:2   | Reached XP level 13. HP: 55/87 MP: 0/0
 12749 | Lair:2   | Learned a level 5 spell: Silence
 13063 | Lair:2   | Reached skill level 5 in Shields
 13522 | Lair:2   | Found a blossoming altar of Fedhas.
 14204 | Lair:3   | Found a hole to the Spider Nest.
 14925 | Lair:3   | Found a staircase to the Shoals.
 15008 | Lair:3   | Noticed a four-headed hydra
 15023 | Lair:3   | Killed a four-headed hydra
 15769 | Lair:4   | Noticed a five-headed hydra
 15778 | Lair:4   | Killed a five-headed hydra
 15954 | Lair:4   | Found a dark tunnel.
 16007 | Volcano  | Entered a volcano
 16031 | Volcano  | Noticed a centaur warrior
 16043 | Volcano  | Killed a centaur warrior
 16467 | Lair:4   | Noticed a seven-headed hydra
 16479 | Lair:4   | Killed a seven-headed hydra
 16553 | Lair:4   | Noticed Kyusiynim's ghost (journeyman GnEn)
 16742 | Lair:4   | Found a runed translucent gate.
 16743 | Lair:4   | Found a runed translucent gate.
 16872 | Lair:4   | Found a runed translucent gate.
 17228 | Lair:4   | Reached XP level 14. HP: 78/101 MP: 0/0
 17236 | Lair:4   | Reached skill level 15 in Spellcasting
 17236 | Lair:4   | Reached skill level 15 in Conjurations
 17236 | Lair:4   | Reached skill level 15 in Hexes
 17236 | Lair:4   | Reached skill level 15 in Summonings
 17236 | Lair:4   | Reached skill level 15 in Necromancy
 17236 | Lair:4   | Reached skill level 15 in Translocations
 17236 | Lair:4   | Reached skill level 15 in Fire Magic
 17236 | Lair:4   | Reached skill level 15 in Ice Magic
 17236 | Lair:4   | Reached skill level 15 in Air Magic
 17236 | Lair:4   | Reached skill level 15 in Earth Magic
 17236 | Lair:4   | Reached skill level 15 in Alchemy
 17447 | Lair:4   | Found a staircase to the Slime Pits.
 17781 | D:10     | Bought a puce potion for 30 gold pieces
 17781 | D:10     | Bought 2 yellow potions for 61 gold pieces
 17781 | D:10     | Bought a scroll labelled BEURPH WOD ARCHA for 34 gold
                  | pieces
 17781 | D:10     | Bought a warped scale mail for 306 gold pieces
 17781 | D:10     | Identified the +0 scale mail of Xyucirph {rPois} (You
                  | bought it in a shop on level 10 of the Dungeon)
 17921 | Lair:5   | Entered Level 5 of the Lair of Beasts
 18311 | D:11     | Reached skill level 5 in Armour
 18520 | D:11     | Noticed Lodul
 18528 | D:11     | Killed Lodul
 19565 | D:10     | Bought a +1 hat of see invisible for 208 gold pieces
 19778 | Lair:4   | Mangled by a five-headed hydra simulacrum

Illustrated notes

Levels and vault maps discovered:
D:1:      amcnicky_arrival_wind_blow, layout_rooms, st_stairs_11,
          nicolae_figureground_pulse
D:2:      layout_loops_ring, hellmonk_ecumenical_altar_crossroads,
          nicolae_houndstooth_variations
D:3:      layout_basic, chequers_temple_overflow_statue_of_worship,
          nicolae_overflow_squiral, serial_glass, glass_columns_a,
          glass_columns_b
D:4:      layout_rooms, mainiacjoe_overflow_chevrons, evilmike_ruin_ashenzari,
          minmay_temple_entry_water_ring
D:5:      layout_basic, serial_demonic, serial_demonic_a, serial_demonic_f,
          serial_demonic_g, serial_demonic_f, gammafunk_ghost_cemetery,
          uniq_grinder, uniq_eustachio, uniq_blork_the_orc, uniq_sigmund
D:6:      black_bear_nest_2, layout_rooms, mainiacjoe_overflow_tiny_flanked
D:7:      layout_gridville, kennysheep_nondescript
D:8:      layout_loops_ring, uniq_maurice, uniq_joseph
D:9:      layout_loops_ring, minmay_shop_mass
D:10:     layout_roguey, mainiacjoe_overflow_cross_hatched, david_lair_shrubbed,
          eino_house_with_fridge
D:11:     layout_irregular_city, uniq_lodul
D:12:     layout_roguey, minmay_orc_entry_temple_small
Temple:   nicolae_temple_bog_church
Lair:1:   wander_river, layout_chaotic_city, dreamdust_mushroom_princess
Lair:2:   layout_chaotic_city, tgw_fedhas, grunt_megastairs_1
Lair:3:   layout_loops_ring, elwin_shoals_entry_rooms,
          nicolae_spider_entry_tight_spaces, special_room [special_room_bee]
Lair:4:   layout_roguey, dpeg_slime_entry_enclosed, gammafunk_ghost_icy,
          enter_volcano_3
Lair:5:   grunt_lair_end_beastmaster, layout_cave_pods, lemuel_old_faithful,
          serial_bayou_shore_b, grunt_megastairs_2, uniq_urug

Skill      XL: |  1  2  3  4  5  6  7  8  9 10 11 12 13 14 |
---------------+-------------------------------------------+-----
Stealth        | 2 3 |  3.5
Dodging        | 3 4 5 6 |  6.5
Spellcasting   | 4 5 6 7 9 11 13 14 15 | 15.5
Conjurations   | 4 5 6 7 9 11 13 14 15 | 15.5
Hexes          | 4 5 6 7 9 11 13 14 15 | 15.5
Summonings     | 4 5 6 7 9 11 13 14 15 | 15.5
Necromancy     | 4 5 6 7 9 11 13 14 15 | 15.5
Translocations | 4 5 6 7 9 11 13 14 15 | 15.5
Fire Magic     | 4 5 6 7 9 11 13 14 15 | 15.5
Ice Magic      | 4 5 6 7 9 11 13 14 15 | 15.5
Air Magic      | 4 5 6 7 9 11 13 14 15 | 15.5
Earth Magic    | 4 5 6 7 9 11 13 14 15 | 15.5
Alchemy        | 4 5 6 7 9 11 13 14 15 | 15.5
Armour         | 1 2 3 4 5 |  5.0
Fighting       | 1 2 6 9 |  9.0
Shields        | 1 3 4 5 6 |  6.5
Axes           | 1 |  1.4
Short Blades   | |  0.2
Throwing       | |  0.6

Action                     |  1- 3 |  4- 6 |  7- 9 | 10-12 | 13-15 || total
---------------------------+-------+-------+-------+-------+-------++-------
  Melee: Unarmed           |     1 |       |       |       |       ||     1
         Short sword       |     1 |       |       |       |       ||     1
         Hand axe          |       |     1 |       |     4 |    16 ||    21
  Throw: Dart              |       |       |       |       |     7 ||     7
   Cast: Foxfire           |    35 |    36 |    63 |    89 |   110 ||   333
         Scorch            |    11 |    28 |    81 |   159 |   141 ||   420
         Volatile Blastmot |       |     6 |    29 |    48 |    23 ||   106
         Flame Wave        |       |       |     4 |    34 |    51 ||    89
         Mephitic Cloud    |       |       |       |     4 |     5 ||     9
         Swiftness         |       |       |       |     1 |       ||     1
         Static Discharge  |       |       |       |       |     5 ||     5
         Inner Flame       |       |       |       |       |     1 ||     1
 Invoke: Call Merchant     |       |       |       |     2 |     2 ||     4
         Potion Petition   |       |       |       |     1 |       ||     1
    Use: Scroll            |       |       |       |     7 |     2 ||     9
         Potion            |       |       |       |       |     2 ||     2
   Stab: Sleeping          |       |       |       |     3 |       ||     3
         Confused          |       |       |       |     1 |     2 ||     3
 Armour: Robe              |     4 |     1 |       |       |       ||     5
         Leather armour    |       |     3 |    28 |    95 |   113 ||   239
  Dodge: Dodged            |     8 |     7 |    28 |    90 |   118 ||   251
  Block: Kite shield       |       |       |       |    70 |   111 ||   181
